 Dungeon Crawl Stone Soup version 0.28-a0-247-gb8bfbab023 (webtiles) character file.

Game seed: 10256516029850587326

42995 bisexualwizard the Impaler (level 14, -2/121 HPs)
             Began as a Merfolk Gladiator on May 30, 2021.
             Was an Elder of Yredelemnul.
             Slain by an orc warlord (14 damage)
             ... on level 1 of the Orcish Mines on Aug 25, 2021.
             The game lasted 01:23:17 (27910 turns).

bisexualwizard the Impaler (Merfolk Gladiator)     Turns: 27910, Time: 01:23:17

Health: -2/121     AC: 15    Str: 19    XL:     14   Next: 22%
Magic:  21/21      EV: 25    Int:  7    God:    Yredelemnul [****..]
Gold:   1244       SH:  5    Dex: 16    Spells: 13/13 levels left

rFire   . . .      SeeInvis .   s - +5 glaive of Crystal {vorpal, Stlth+}
rCold   . . .      Faith    .   (shield currently unavailable)
rNeg    . . .      Spirit   .   t - +5 ring mail
rPois   .          Reflect  +   B - +2 hat
rElec   .          Harm     .   x - scarf {shadows}
rCorr   .          Rampage  .   (no gloves)
Will    +....                   y - +0 pair of boots
Stlth   ++........              C - amulet of reflection
HPRegen 0.30/turn               q - +4 ring of evasion
MPRegen 0.17/turn               D - +4 ring of evasion

@: hasted, studying Fighting, very quick
A: (nimble swimmer 2), mertail
a: Renounce Religion, Recall Undead Slaves, Injury Mirror, Animate Dead, Drain
Life


You were on level 1 of the Orcish Mines.
You worshipped Yredelemnul.
Yredelemnul was greatly pleased with you.
You visited 4 branches of the dungeon, and saw 20 of its levels.

You collected 1270 gold pieces.
You spent 26 gold pieces at shops.

Inventory:

Hand Weapons
 s - the +5 glaive of Crystal (weapon) {vorpal, Stlth+}
   (You acquired it on level 9 of the Dungeon)

   It inflicts extra damage upon your enemies.
   Stlth:     It makes you more stealthy.
Missiles
 d - 9 throwing nets
 p - 4 curare-tipped darts
 r - 17 poisoned darts (quivered)
Armour
 c - a +0 helmet
 k - the +1 leather armour "Amnodac" {rF+ Stlth+}
   (You found it on level 9 of the Dungeon)

   rF:        It protects you from fire.
   Stlth:     It makes you more stealthy.
 t - a +5 ring mail (worn)
 x - a scarf of shadows (worn)
 y - a +0 pair of boots (worn)
 B - a +2 hat (worn)
Jewellery
 j - an amulet of the acrobat
 l - a ring of resist corrosion
 o - an amulet of guardian spirit
 q - a +4 ring of evasion (left hand)
 C - an amulet of reflection (around neck)
 D - a +4 ring of evasion (right hand)
 E - a ring of protection from fire
 G - an amulet of magic regeneration
 H - a +6 ring of intelligence
 I - a ring of magical power
 P - a ring of fire
 R - a ring of ice
Wands
 f - a wand of iceblast (6)
 w - a wand of flame (31)
 F - a wand of polymorph (8)
 K - a wand of acid (5)
 L - a wand of paralysis (9)
 N - a wand of mindburst (19)
 O - a wand of digging (9)
Scrolls
 a - a scroll of torment {unknown}
 e - 2 scrolls of enchant weapon
 g - 2 scrolls of magic mapping
 h - 5 scrolls of identify
 i - a scroll of enchant armour
 n - 4 scrolls of teleportation
 v - 3 scrolls of vulnerability
 M - a scroll of fear
Potions
 b - 2 potions of mutation
 m - 2 potions of brilliance
 z - 3 potions of haste
 A - a potion of cancellation
 S - a potion of magic
Miscellaneous
 J - a condenser vane


   Skills:
 * Level 14.8 Fighting
 + Level 15.1 Polearms
 - Level 2.0 Throwing
 + Level 8.7 Armour
 + Level 12.6 Dodging
 - Level 1.3 Shields
 * Level 10.6 Invocations


You had 13 spell levels left.
You didn't know any spells.
Your spell library contained the following spells:

 Spells                   Type           Power      Damage    Failure   Level
 Beastly Appendage        Tmut           0%         N/A       58%         1
 Magic Dart               Conj           0%         1d3       58%         1
 Sting                    Tmut/Pois      0%         1d3       58%         1
 Summon Small Mammal      Summ           0%         N/A       58%         1
 Blink                    Tloc           N/A        N/A       73%         2
 Call Imp                 Summ           0%         N/A       73%         2
 Poisonous Vapours        Pois/Air       0%         N/A       73%         2
 Searing Ray              Conj           0%         3d3       73%         2
 Slow                     Hex            0%         N/A       73%         2
 Wereblood                Tmut           0%         N/A       73%         2
 Call Canine Familiar     Summ           0%         N/A       91%         3
 Confusing Touch          Hex            0%         N/A       91%         3
 Conjure Flame            Conj/Fire      0%         6-21      91%         3
 Gell's Gravitas          Tloc           0%         N/A       91%         3
 Ignite Poison            Fire/Tmut/Pois 0%         N/A       91%         3
 Mephitic Cloud           Conj/Pois/Air  0%         N/A       91%         3
 Spider Form              Tmut/Pois      0%         N/A       91%         3
 Summon Guardian Golem    Hex/Summ       0%         N/A       91%         3
 Fulminant Prism          Conj/Hex       0%         3d6       100%        4
 Ice Form                 Ice/Tmut       0%         N/A       100%        4
 Olgreb's Toxic Radiance  Pois           0%         N/A       100%        4
 Petrify                  Tmut/Erth      0%         N/A       100%        4
 Summon Ice Beast         Ice/Summ       0%         N/A       100%        4
 Summon Lightning Spire   Summ/Air       0%         N/A       100%        4
 Metabolic Englaciation   Hex/Ice        0%         N/A       100%        5
 Yara's Violent Unravell  Hex/Tmut       0%         3d3       100%        5


Dungeon Overview and Level Annotations

Branches:
Dungeon (11/15)            Temple (1/1) D:7            Lair (6/6) D:10
  Swamp (0/4) Lair:3        Snake (0/4) Lair:4        Slime (0/5) Lair:5
    Orc (2/2) D:10
    Elf: Orc:2

Altars:
Ashenzari
Cheibriados
Dithmenos
Elyvilon
Hepliaklqana
Makhleb
Okawaru
Qazlal
Sif Muna
Trog
Uskayaw
Vehumet
Wu Jian
Xom
Yredelemnul
Zin
The Shining One
Jiyva

Shops:
D:4 :*   D:5 (   D:7 [   Orc:2 [

Annotations:
D:5 2 transporters, TODO's ghost, novice TeSu
Orc:2 Azrael


Innate Abilities, Weirdness & Mutations

((You are quick and stealthy near water. (Stealth+, EV+, Speed+++)))
Your lower body shifts to a powerful aquatic tail in water.


Message History

The orc warlord is moderately wounded.
The orc warlord hits you with a +0 war axe!
You hit the orc warlord.
The orc warlord is moderately wounded.
The orc warlord hits you but does no damage.
You slice the orc warlord!!
The orc warlord is severely wounded.
The orc warlord hits you with a +0 war axe!!
You barely miss the orc warlord.
The orc warlord is severely wounded.
The orc warlord completely misses you.
You hit the orc warlord but do no damage.
The orc warlord is heavily wounded.
The orc warlord hits you but does no damage.
The orc warlord blocks your attack.
The orc warlord is heavily wounded.
The orc warlord misses you.
You slash the orc warlord!
The orc warlord is severely wounded.
You block the orc warlord's attack.
You slash the orc warlord!
The orc warlord is severely wounded.
The orc warlord hits you with a +0 war axe!!
* * * LOW HITPOINT WARNING * * *
You feel yourself speed up.
The orc warlord hits you with a +0 war axe.
* * * LOW HITPOINT WARNING * * *
The orc warlord blocks your attack.
The orc warlord is severely wounded.
The orc warlord completely misses you. The orc warlord blocks your attack.
The orc warlord is severely wounded.
The orc warlord blocks your attack.
The orc warlord is severely wounded.
The orc warlord hits you with a +0 war axe.
* * * LOW HITPOINT WARNING * * *
You feel better.
The orc warlord hits you with a +0 war axe!
You die...
Your body rises from the dead as a mindless zombie.

#................#.##.......###
...........................#..##
.................#.#...........#
.#....##....#.....#...........##
...........#............#.)#.###
.#.............................##
...........##...................#
............#...))...............
..Z.##.........[@o..............#
................)).......#..#.###
..........#....................#
...#.......#....)..............#
..#...................##......##
......>..............####...###
..........#..##.....#####...#
....^......#####.......#.#.##
............###...........##


You could see an orc warlord.

Vanquished Creatures
  Gastronok (D:10)
  Harold (D:7)
  Erolcha (Orc:1)
  4 hydras
  A catoblepas (Lair:2)
  A two-headed ogre (D:7)
  2 tengu warriors (D:10)
  Nergalle (Lair:4)
  2 sea snakes (Lair:6)
  A lindwurm (Lair:3)
  An ugly thing (D:11)
  A torpor snail (Lair:6)
  Joseph (D:9)
  2 black mambas
  An elephant (D:10)
  A rime drake (Lair:6)
  12 cane toads
  5 komodo dragons
  A troll (Orc:1)
  A wind drake (Lair:6)
  A polar bear (Lair:3)
  A tyrant leech (Lair:3)
  A hornet (D:9)
  5 blink frogs
  2 wraiths
  Sigmund (D:3)
  A shadow (D:10)
  5 wyverns
  2 spriggans (Lair:6)
  37 yaks
  2 fire elementals
  A human (D:10)
  4 basilisks
  A steam dragon (D:6)
  5 wargs
  An acid dragon (D:8)
  7 water moccasins
  2 swamp worms (Lair:3)
  A hell hound (Orc:1)
  14 orc warriors
  2 ice beasts
  3 black bears
  2 necrophages
  A hornet zombie (D:9)
  4 ogres
  10 wolves
  3 centaurs
  A kobold brigand (D:9)
  8 bullfrogs
  6 scorpions
  A wyvern skeleton (D:6)
  10 killer bees
  4 howler monkeys
  3 centaur zombies
  4 hounds
  8 orc priests
  2 gnoll shamans
  A centaur skeleton (D:6)
  Jessica (D:2)
  4 iguanas
  Terence (D:2)
  14 orc wizards
  Natasha (twice) (D:2)
  A killer bee zombie (D:9)
  A howler monkey zombie (D:7)
  11 gnolls
  5 adders
  2 shadow imps
  A white imp (D:8)
  An ufetubus (D:7)
  2 worms
  A dart slug (D:2)
  47 orcs
  7 endoplasms
  3 giant cockroaches
  2 goblins
  5 hobgoblins
  14 jackals
  9 kobolds
  3 quokkas
  A ball python (D:4)
  6 bats
  2 frilled lizards
  7 rats
361 creatures vanquished.

Vanquished Creatures (collateral kills)
  A hydra (Lair:1)
  A merfolk avatar (Lair:6)
  A two-headed ogre (D:10)
  A harpy (Lair:6)
  An orc sorcerer (Orc:2)
  A black mamba (Lair:6)
  6 cane toads
  4 komodo dragons (Lair:6)
  2 polar bears
  A wind drake (Lair:6)
  A hornet (Lair:5)
  4 blink frogs
  A spriggan (Lair:6)
  10 yaks
  2 wyverns (Lair:3)
  6 basilisks
  A steam dragon (Lair:6)
  2 swamp worms (Lair:3)
  2 water moccasins
  An orc warrior (Orc:2)
  5 wolves
  3 ogres
  A bullfrog (Lair:2)
  2 orc priests
  An orc wizard (Orc:2)
  5 orcs
  A butterfly (Lair:1)
67 creatures vanquished.

Vanquished Creatures (others)
  12 flying skulls
  A wraith (Orc:1)
  A hell hound (Orc:2)
  A wight (Lair:6)
  3 black mamba zombies
  A sea snake zombie (Lair:6)
  2 swamp worm zombies (Lair:3)
  A wind drake zombie (Lair:6)
  A harpy zombie (Lair:6)
  3 wolf zombies
  A blink frog zombie (Lair:6)
  2 bullfrog zombies (Lair:3)
  A centaur zombie (D:10)
  A hell hound zombie (Orc:1)
  2 komodo dragon zombies
  A polar bear zombie (Lair:3)
  A spriggan zombie (Lair:6)
  6 cane toad zombies
  3 ogre zombies
  16 orc zombies
  7 yak zombies
  3 basilisk zombies
  An orc skeleton (D:10)
  4 warg zombies
  75 fungi
  149 plants
  12 withered plants (D:2)
311 creatures vanquished.

Grand Total: 739 creatures vanquished

Notes
Turn   | Place    | Note
-------+----------+-------------------------------------------
     0 | D:1      | bisexualwizard the Merfolk Gladiator began the quest for
                  | the Orb.
     0 | D:1      | Reached XP level 1. HP: 16/16 MP: 1/1
    43 | D:1      | Reached XP level 2. HP: 16/22 MP: 2/2
   381 | D:1      | Reached skill level 5 in Polearms
   606 | D:1      | Reached XP level 3. HP: 27/27 MP: 3/3
   888 | D:2      | Noticed Natasha
   894 | D:2      | Killed Natasha
   895 | D:2      | Reached skill level 6 in Polearms
   972 | D:2      | Noticed Terence
   983 | D:2      | Killed Terence
   984 | D:2      | Reached skill level 7 in Polearms
   984 | D:2      | Reached XP level 4. HP: 27/33 MP: 4/4
  1011 | D:2      | HP: 2/49 [poisoned by an adder]
  1257 | D:2      | Upgraded the game from 0.27-a0-1200-g94dc6ad4cf to
                  | 0.27-a0-1299-g1ab19c6527
  1391 | D:2      | Noticed Natasha
  1399 | D:2      | Killed Natasha
  1400 | D:2      | Reached XP level 5. HP: 23/38 MP: 5/5
  1709 | D:2      | Noticed Jessica
  1715 | D:2      | Killed Jessica
  1716 | D:2      | Reached skill level 8 in Polearms
  1818 | D:2      | Found a faded altar of an unknown god.
  2542 | D:3      | Reached skill level 9 in Polearms
  2918 | D:2      | Reached XP level 6. HP: 44/44 MP: 6/6
  3233 | D:3      | Found an iron altar of Okawaru.
  3287 | D:3      | Noticed Sigmund
  3338 | D:4      | Found Beamexu's Book Shoppe.
  3558 | D:4      | Reached skill level 10 in Polearms
  3852 | D:4      | Reached XP level 7. HP: 29/50 MP: 7/7
  3997 | D:4      | Found Koxasoill's General Store.
  4022 | D:4      | Reached skill level 11 in Polearms
  4026 | D:4      | Bought a scroll of identify for 26 gold pieces
  4955 | D:4      | Found a shadowy altar of Dithmenos.
  4978 | D:5      | Entered Level 5 of the Dungeon
  5234 | D:5      | Reached skill level 12 in Polearms
  5384 | D:5      | Reached XP level 8. HP: 55/57 MP: 8/8
  5461 | D:5      | Found a hide-covered altar of Uskayaw.
  5576 | D:5      | Reached skill level 1 in Armour
  5773 | D:2      | Reached skill level 13 in Polearms
  5955 | D:3      | Killed Sigmund
  6084 | D:5      | Found Qoqomiw's Antique Weapon Boutique.
  6149 | D:5      | Found a transporter.
  6153 | D:5      | Noticed TODO's ghost (novice TeSu)
  6240 | D:5      | Found a transporter.
  6913 | D:5      | Reached skill level 14 in Polearms
  7127 | D:4      | Reached skill level 5 in Dodging
  7310 | D:5      | Reached XP level 9. HP: 35/65 MP: 9/9
  8614 | D:7      | Reached skill level 5 in Fighting
  8884 | D:7      | Noticed Harold
  9406 | D:7      | Reached skill level 5 in Armour
  9406 | D:7      | Reached XP level 10. HP: 62/77 MP: 10/10
  9737 | D:7      | Found Wecvazock's Antique Armour Boutique.
  9748 | D:7      | Found a staircase to the Ecumenical Temple.
  9762 | Temple   | Entered the Ecumenical Temple
  9837 | Temple   | Became a worshipper of Yredelemnul the Dark
  9875 | D:7      | Noticed a two-headed ogre
  9898 | D:7      | Killed a two-headed ogre
 10434 | D:7      | Killed Harold
 12085 | D:8      | Found a white marble altar of Elyvilon.
 12765 | D:9      | Noticed Joseph
 12870 | D:9      | Killed Joseph
 12871 | D:9      | Reached skill level 1 in Shields
 12871 | D:9      | Reached XP level 11. HP: 62/89 MP: 11/11
 13018 | D:9      | Reached * piety under Yredelemnul
 13052 | D:9      | Identified the +1 leather armour "Amnodac" {rF+ Stlth+}
 13277 | D:8      | Found a snail-covered altar of Cheibriados.
 13277 | D:8      | Found a stormy altar of Qazlal.
 13957 | D:9      | Paralysed by a hornet for 1 turns
 14061 | D:9      | Identified a scroll of acquirement
 14062 | D:9      | Acquired the +5 glaive of Crystal {vorpal, Stlth+}
 14099 | D:10     | Entered Level 10 of the Dungeon
 14103 | D:10     | Reached skill level 1 in Invocations
 14402 | D:10     | Noticed a two-headed ogre
 14408 | D:10     | Killed a two-headed ogre
 14512 | D:10     | Found a staircase to the Orcish Mines.
 14527 | D:10     | Noticed Gastronok
 14554 | D:10     | Killed Gastronok
 14555 | D:10     | Reached skill level 10 in Fighting
 14721 | D:10     | Reached ** piety under Yredelemnul
 15180 | D:10     | Noticed a tengu warrior
 15186 | D:10     | Noticed a tengu warrior
 15676 | D:10     | Found a staircase to the Lair.
 15718 | D:10     | Killed a tengu warrior
 15719 | D:10     | Reached XP level 12. HP: 53/100 MP: 15/15
 15726 | D:10     | Killed a tengu warrior
 15727 | D:10     | Reached skill level 10 in Dodging
 15727 | D:10     | Reached skill level 5 in Invocations
 16504 | Lair:1   | Entered Level 1 of the Lair of Beasts
 17513 | Lair:1   | Noticed an eight-headed hydra
 17529 | Lair:1   | Killed a 12-headed hydra
 18338 | Lair:2   | Noticed a four-headed hydra
 18502 | Lair:2   | Killed a seven-headed hydra
 18502 | Lair:2   | Reached *** piety under Yredelemnul
 18536 | Lair:2   | Noticed a catoblepas
 18632 | Lair:1   | Upgraded the game from 0.27-a0-1299-g1ab19c6527 to
                  | 0.28-a0-247-gb8bfbab023
 18645 | Lair:2   | Killed a catoblepas
 19227 | Lair:2   | Noticed a six-headed hydra
 19236 | Lair:2   | Killed an 11-headed hydra
 19236 | Lair:2   | Received a gift from Yredelemnul (3 flying skulls)
 19586 | Lair:2   | Reached XP level 13. HP: 109/109 MP: 18/18
 21921 | Lair:3   | Found a staircase to the Swamp.
 22350 | Lair:4   | Noticed Nergalle
 22354 | Lair:4   | Killed Nergalle
 22591 | Lair:4   | Found the +7 sceptre of Torment {pain, torment}
 22839 | Lair:4   | Found a staircase to the Snake Pit.
 23699 | Lair:5   | Acquired a manual of Fighting
 24106 | Lair:5   | Found a viscous altar of Jiyva.
 24106 | Lair:5   | Found a staircase to the Slime Pits.
 24516 | Lair:6   | Entered Level 6 of the Lair of Beasts
 24687 | Lair:6   | Received a gift from Yredelemnul (a wight)
 25094 | Lair:6   | Received a gift from Yredelemnul (a wraith)
 25285 | Lair:6   | Reached skill level 10 in Invocations
 25476 | Lair:6   | Reached **** piety under Yredelemnul
 25490 | Lair:6   | Reached XP level 14. HP: 111/120 MP: 21/21
 26691 | Orc:1    | Entered Level 1 of the Orcish Mines
 26847 | Orc:1    | Noticed Erolcha
 26866 | Orc:1    | Killed Erolcha
 26867 | Orc:1    | Reached skill level 15 in Polearms
 27234 | Orc:2    | Entered Level 2 of the Orcish Mines
 27270 | Orc:1    | Received a gift from Yredelemnul (5 flying skulls)
 27375 | Orc:2    | Found Ibuis's Antique Armour Emporium.
 27449 | Orc:2    | Noticed Azrael
 27749 | Orc:2    | Noticed an orc warlord
 27763 | Orc:1    | Received a gift from Yredelemnul (4 flying skulls)
 27894 | Orc:1    | Your ally Erolcha died
 27910 | Orc:1    | Slain by an orc warlord

Illustrated notes

Levels and vault maps discovered:
D:1:      dpeg_arrival_long_road, layout_loops_ring
D:2:      layout_basic, shapermc_ecumenical_altar_flowoftime, uniq_natasha,
          uniq_terence, uniq_jessica
D:3:      layout_loops_corners, lemuel_doored_altar, uniq_sigmund
D:4:      layout_basic, lemuel_tele_altar, serial_shops, shop,
          nicolae_stop_n_shop_2
D:5:      layout_loops_ring, nicolae_overflow_crystal_walls,
          gammafunk_ghost_stat_death, serial_shops, kennysheep_mini_moat
D:6:      layout_rooms, minmay_circle_x
D:7:      layout_loops_ring, temple_pool_b, serial_shops,
          nicolae_shop_statue_plus, minivault_5, uniq_harold
D:8:      layout_loops_ring, nicolae_overflow_hidden_temple,
          nicolae_elyvilon_peaceful_grove
D:9:      layout_grid_maze, kennysheep_generic_room_7, uniq_joseph
D:10:     layout_irregular_city, david_lair_generic, erik_orc_4, uniq_gastronok
D:11:     layout_stronghold, portal_ice_cave_entry_ice_beasts,
          minmay_misc_feat_four_crosses
Temple:   eino_temple_scatter_basement
Lair:1:   layout_big_grid, lemuel_fruit_fields
Lair:2:   layout_small_grid
Lair:3:   layout_long_grid, palyth_hydra_swamp_entry,
          chequers_serial_rivers_room_a, grunt_megastairs_1
Lair:4:   layout_cave_pods, dummy_snake_entry, gauntlet_entry_generic,
          kennysheep_basilisk_garden, grunt_megastairs_3, uniq_nergalle
Lair:5:   layout_layer_cave, dpeg_slime_entry_enclosed_altar
Lair:6:   gammafunk_lair_ancient_temple, layout_concentric_octagons,
          serial_bayou_pond_d, wad_woods_02
Orc:1:    lemuel_ogre_cave, layout_caves, uniq_erolcha
Orc:2:    grunt_orc_gardens, layout_diamond_mine, grunt_orc_garden,
          grunt_orc_garden, grunt_orc_garden, grunt_orc_garden, uniq_azrael

Skill      XL: |  1  2  3  4  5  6  7  8  9 10 11 12 13 14 |
---------------+-------------------------------------------+-----
Polearms       | 5 7 9 10 12 14 15 | 15.1
Armour         | 2 5 6 7 8 |  8.7
Fighting       | 3 6 9 11 12 14 | 14.8
Dodging        | 5 6 8 9 11 12 | 12.6
Shields        | 1 |  1.3
Invocations    | 4 7 10 | 10.6
Throwing       | |  2.0

Action                   |  1- 3 |  4- 6 |  7- 9 | 10-12 | 13-15 || total
-------------------------+-------+-------+-------+-------+-------++-------
Melee: Trident           |    72 |   166 |   490 |   342 |       ||  1070
       Glaive            |       |       |       |   330 |   351 ||   681
       Tailslap          |       |       |       |       |     1 ||     1
Throw: Dart              |       |       |    34 |    56 |     9 ||    99
Invok: Animate Remains   |       |       |       |    22 |       ||    22
       Recall Undead Sla |       |       |       |     1 |       ||     1
       Animate Dead      |       |       |       |       |    49 ||    49
       Injury Mirror     |       |       |       |       |     1 ||     1
Evoke: Wand              |       |       |       |     1 |       ||     1
  Use: Potion            |       |     6 |     4 |     6 |     6 ||    22
       Scroll            |       |       |     4 |    12 |     7 ||    23
 Stab: Sleeping          |     2 |     1 |     1 |     4 |     6 ||    14
       Distracted        |       |       |       |       |     4 ||     4
Armor: Leather armour    |    16 |    24 |     5 |       |       ||    45
       Skin              |       |     1 |     2 |     5 |       ||     8
       Ring mail         |       |       |    59 |   157 |    82 ||   298
Dodge: Dodged            |    42 |    70 |   214 |   582 |   273 ||  1181
Block: Other             |       |       |       |   144 |    57 ||   201
       Reflection        |       |       |       |     2 |       ||     2

Table legend: (Time is in decaauts)
 A = Elapsed time spent in this place.
 B = Non-inter-level travel time spent in this place.
 C = Inter-level travel time spent in this place.
 D = Time resting spent in this place.
 E = Time spent auto-exploring this place.
 F = Levels seen in this place.
 G = Mean time per level.
                   A        B        C        D        E       F      G
               +--------+--------+--------+--------+--------+-----+--------+
         Total |  28589 |  27148 |   1441 |   9447 |  13737 |  20 | 1429.4 |
       Dungeon |  16790 |  15845 |    945 |   5986 |   7327 |  11 | 1526.4 |
        Temple |     94 |     75 |     19 |      0 |     68 |   1 |   94.0 |
          Lair |  10418 |   9964 |    454 |   2756 |   5995 |   6 | 1736.3 |
  Orcish Mines |   1286 |   1263 |     23 |    705 |    347 |   2 |  643.0 |
               +--------+--------+--------+--------+--------+-----+--------+

Top non-repeatable levels by time:
     D:7: 2681 daAuts
    D:10: 2211 daAuts
  Lair:3: 2079 daAuts
  Lair:2: 1973 daAuts
     D:4: 1958 daAuts
     D:9: 1940 daAuts
  Lair:5: 1904 daAuts
  Lair:6: 1671 daAuts
     D:2: 1663 daAuts
     D:5: 1633 daAuts
  Lair:1: 1432 daAuts
     D:8: 1419 daAuts
  Lair:4: 1356 daAuts
     D:6: 1255 daAuts
   Orc:1: 1124 daAuts
